Workbook

Sheet Riepilogo
A1: TABELLA A.1 SRG06 LEADER DEL CSR FVG 2023-2027 SSL TORRE NATISONE GAL Intervento 1 "Attivazione e sviluppo di strutture e servizi socioculturali, ricreativi, sportivi e turistici"
A3: Quadro spese relative al progetto
A4: Denominazione beneficiario
A5: QUADRO RIEPILOGATIVO DELLA SPESA PER INVESTIMENTO
A7: Investimento (art. 8 Bando) | K7: Costi imputabili al progetto
K8: Imponibile | L8: IVA * | M8: Totale | N8: %
A9: 1 | B9: Investimento 1 : … | K9: =Spese!B33 -> 0 | L9: =Spese!C33 -> 0 | M9: =Spese!D33 -> 0 | N9: …%
A10: 2 | B10: Investimento 2: ... | K10: =Spese!B65 -> 0 | L10: =Spese!C65 -> 0 | M10: =Spese!D65 -> 0 | N10: …%
A11: 3 | B11: Investimento 3: … | K11: =Spese!B71 -> 0 | L11: =Spese!C71 -> 0 | M11: =Spese!D71 -> 0 | N11: …%
A12: Totale progetto | K12: =SUM(K9:K11) -> 0 | L12: =SUM(L9:L11) -> 0 | M12: =SUM(M9:M11) -> 0 | N12: 1
A14: NOTE:
A15: * l’imposta sul valore aggiunto (IVA) non rappresenta un costo ammissibile, ad eccezione di quella sostenuta da Amministrazioni pubbliche in attuazione di operazioni correlate ad attività istituzionali (effettivamente sostenuta e non recuperabile)

Sheet Spese
A1: SRG06 LEADER DEL CSR FVG 2023-2027 SSL TORRE NATISONE GAL Intervento 1 "Attivazione e sviluppo di strutture e servizi socioculturali, ricreativi, sportivi e turistici"
A2: Dettaglio spese relative al progetto | B2: Denominazione beneficiario
A3: Investimento 1: (ad es. centro di aggregazione)
B4: IMPORTO
A5: Descrizione del singolo lavoro/fornitura/servizio | B5: Imponibile | C5: IVA | D5: Totale | E5: Ragionevolezza del costo (indicare documentazione di supporto prevista dall'articolo 12 e, in caso di terna di preventivi, indicare il preventivo prescelto)
A6: a) costruzione, acquisizione o miglioramento, ristrutturazione, recupero e ampliamento di beni immobili e relative pertinenze
D7: =B7+C7 -> 0 | E7: es: COMPUTO METRICO ESTIMATIVO
D8: =B8+C8 -> 0
D9: =B9+C9 -> 0
A10: Totale voce a) | B10: =SUM(B7:B9) -> 0 | C10: =SUM(C7:C9) -> 0 | D10: =SUM(D7:D9) -> 0
A11: b) acquisto di nuovi macchinari, impianti, attrezzature ed allestimenti (compresi arredi), inclusa la messa in opera
D12: =B12+C12 -> 0 | E12: es: Terna di preventivi, preventivo prescelto ditta XXX
D13: =B13+C13 -> 0
D14: =B14+C14 -> 0
D15: =B15+C15 -> 0
A16: Totale voce b) | B16: =SUM(B12:B15) -> 0 | C16: =SUM(C12:C15) -> 0 | D16: =SUM(D12:D15) -> 0
A17: c) spese generali collegate a quelle di cui alle lettere a) e b nel limite del 10% delle spese a cui si riferiscono
D18: =B18+C18 -> 0
D19: =B19+C19 -> 0
A20: Totale voce c) | B20: =B18+B19 -> 0 | C20: =C18+C19 -> 0 | D20: =D18+D19 -> 0
A21: d) investimenti immateriali per spese in tecnologie dell'informazione
D22: =B22+C22 -> 0
D23: =B23+C23 -> 0
A24: Totale voce d) | B24: =SUM(B22:B23) -> 0 | C24: =SUM(C22:C23) -> 0 | D24: =SUM(D22:D23) -> 0
A25: e) spese per pubbliche relazioni, nel limite del 20% del costo totale
B26: 0 | D26: =B26+C26 -> 0
B27: 0 | D27: =B27+C27 -> 0
A28: Totale voce e) | B28: =SUM(B26:B27) -> 0
A29: f) imposta di registro, se afferente a un’operazione finanziata
B30: 0 | D30: =B30+C30 -> 0
B31: 0 | D31: =B31+C31 -> 0
A32: Totale voce f) | B32: =SUM(B30:B31) -> 0
A33: Totale Investimento 1 | B33: =B32+B28+B24+B20+B16+B10 -> 0
A35: Investimento 2: (ad es. realizzazione aree pic nic)
B36: IMPORTO
A37: Descrizione del singolo lavoro/fornitura/servizio | B37: Imponibile | C37: IVA | D37: Totale | E37: Ragionevolezza del costo (indicare documentazione di supporto prevista dall'articolo 12 e, in caso di terna di preventivi, indicare il preventivo prescelto)
A38: a) costruzione, acquisizione o miglioramento, ristrutturazione, recupero e ampliamento di beni immobili e relative pertinenze
D39: =B39+C39 -> 0 | E39: es: COMPUTO METRICO ESTIMATIVO
D40: =B40+C40 -> 0
D41: =B41+C41 -> 0
A42: Totale voce a) | B42: =SUM(B39:B41) -> 0 | C42: =SUM(C39:C41) -> 0 | D42: =SUM(D39:D41) -> 0
A43: b) acquisto di nuovi macchinari, impianti, attrezzature ed allestimenti (compresi arredi), inclusa la messa in opera
D44: =B44+C44 -> 0 | E44: es: Terna di preventivi, preventivo prescelto ditta XXX
D45: =B45+C45 -> 0
D46: =B46+C46 -> 0
D47: =B47+C47 -> 0
A48: Totale voce b) | B48: =SUM(B44:B47) -> 0 | C48: =SUM(C44:C47) -> 0 | D48: =SUM(D44:D47) -> 0
A49: c) spese generali collegate a quelle di cui alle lettere a) e b nel limite del 10% delle spese a cui si riferiscono
D50: =B50+C50 -> 0
D51: =B51+C51 -> 0
A52: Totale voce c) | B52: =B50+B51 -> 0 | C52: =C50+C51 -> 0 | D52: =D50+D51 -> 0
A53: d) investimenti immateriali per spese in tecnologie dell'informazione
D54: =B54+C54 -> 0
D55: =B55+C55 -> 0
A56: Totale voce d) | B56: =SUM(B54:B55) -> 0 | C56: =SUM(C54:C55) -> 0 | D56: =SUM(D54:D55) -> 0
A57: e) spese per pubbliche relazioni, nel limite del 20% del costo totale
B58: 0 | D58: =B58+C58 -> 0
B59: 0 | D59: =B59+C59 -> 0
A60: Totale voce e) | B60: =SUM(B58:B59) -> 0
A61: f) imposta di registro, se afferente a un’operazione finanziata
B62: 0 | D62: =B62+C62 -> 0
B63: 0 | D63: =B63+C63 -> 0
A64: Totale voce f) | B64: =SUM(B62:B63) -> 0
A65: Totale Investimento 2 | B65: =B64+B60+B56+B52+B48+B42 -> 0
A67: Investimento 3
A68: ….
A72: Totale contributo richiesto | B72: =B33*B73 -> 0
A73: % contributo richiesto | B73: 1
A74: % spese generali | B74: =(B20+B52)/(B10+B16+B42+B48) -> #DIV/0!
B75: MAX 10%
B76: =B74<(B10+B16+B42+B48)*0.1 -> #DIV/0!
